 Dungeon Crawl Stone Soup version 0.21.1-1-g345015f (webtiles) character file.

279 letownia2 the Conjurer (level 6, 0/32 HPs)
             Began as a Gargoyle Wizard on Feb 13, 2018.
             Was a Follower of Nemelex Xobeh.
             Slain by a bullfrog (5 damage)
             ... in a sewer.
             The game lasted 00:08:19 (1214 turns).

letownia2 the Conjurer (Gargoyle Wizard)            Turns: 1214, Time: 00:08:20

Health: 0/32       AC:  7    Str: 11    XL:     6   Next: 26%
Magic:  2/11       EV: 11    Int: 20    God:    Nemelex Xobeh [*.....]
Gold:   38         SH:  0    Dex:  8    Spells: 2/11 levels left

rFire    . . .     SeeInvis .   a - +1 dagger (venom)
rCold    . . .     Gourm    .   (no shield)
rNeg     + . .     Faith    .   m - +0 leather armour
rPois    ∞         Spirit   .   b - +0 hat
rElec    +         Reflect  .   (no cloak)
rCorr    .         Harm     .   (no gloves)
MR       .....                  (no boots)
Stlth    +.........             (no amulet)
HPRegen  0.10/turn              (no ring)
MPRegen  0.12/turn              (no ring)

@: no status effects
A: negative energy resistance 1, electricity resistance, unbreathing,
petrification resistance, rot immunity, AC +4
a: Renounce Religion


You were in a sewer.
You worshipped Nemelex Xobeh.
Nemelex Xobeh was aware of your devotion.
You were hungry.

You visited 1 branch of the dungeon, and saw 4 of its levels.
You also visited: Sewer.

You collected 38 gold pieces.

Inventory:

Hand Weapons
 a - a +1 dagger of venom (weapon)
 g - a +0 short sword
 k - a +0 dagger
 r - a +0 scimitar
Armour
 b - a +0 hat (worn)
 m - a +0 leather armour (worn)
 t - a +0 robe
Jewellery
 h - an uncursed amulet of guardian spirit
 p - an uncursed ring of ice
 s - an uncursed ring of ice
Scrolls
 j - 2 scrolls of teleportation {unknown}
 l - 2 scrolls of identify {unknown}
 q - a scroll of enchant weapon {unknown}
 x - a scroll of noise {unknown}
 y - a scroll of fear {unknown}
 z - a scroll of fog {unknown}
 A - a scroll of magic mapping {unknown}
Potions
 e - 2 potions of curing
 o - a potion of resistance {unknown}
 u - 2 potions of magic {unknown}
 v - a potion of haste {unknown}
 w - a potion of heal wounds {unknown}
Books
 c - a book of Minor Magic

   Spells                             Type                      Level
   a - Magic Dart                     Conjuration                  1
   b - Blink                          Translocation                2
   c - Call Imp                       Summoning                    2
   d - Slow                           Hexes                        2
   e - Conjure Flame                  Conjuration/Fire             3
   f - Mephitic Cloud                 Conjuration/Poison/Air       3
 f - Sif Muna's Tome of the Traveller
   (You found it on level 4 of the Dungeon)

   Spells                             Type                      Level
   a - Apportation                    Translocation                1
Miscellaneous
 n - a plain deck of summoning {drawn: 3}
Comestibles
 d - 3 rations
 i - a chunk of flesh


   Skills:
 - Level 1.5 Dodging
 - Level 2.1 Stealth
 + Level 3.3 Spellcasting
 - Level 4.1 Conjurations
   Level 0.8 Summonings
 - Level 0.8 Translocations
 - Level 2.2 Fire Magic
 + Level 1.9 Air Magic
 - Level 2.2 Poison Magic


You had 2 spell levels left.
You knew the following spells:

 Your Spells              Type           Power        Failure   Level  Hunger
a - Magic Dart            Conj           ###.         3%          1    None
b - Blink                 Tloc           N/A          19%         2    ##.....
c - Conjure Flame         Conj/Fire      ###.....     14%         3    ###....
e - Mephitic Cloud        Conj/Pois/Air  ##......     17%         3    ###....


Dungeon Overview and Level Annotations

Branches:
Dungeon (4/15)
 Temple: D:4-7

Altars:
Dithmenos
Kikubaaqudgha
Nemelex Xobeh
Sif Muna
Vehumet


Innate Abilities, Weirdness & Mutations

You are resistant to torment.
Your stone body is resilient. (AC +4)
You are immune to poison.
You resist negative energy. (rN+)
You are resistant to electric shocks. (rElec)
You can survive without breathing.
You are immune to petrification.
You are immune to rotting.


Message History

The bullfrog is engulfed in noxious fumes.
The bullfrog appears confused.
The bullfrog is engulfed in noxious fumes.
The bullfrog appears confused.
The bullfrog is engulfed in noxious fumes.
The bullfrog hits itself!
The bullfrog seems less confused.
The bullfrog closely misses you. The bullfrog barely misses you.
The bullfrog hits you.
* * * LOW HITPOINT WARNING * * *
Unknown command.
The bullfrog hits you.
* * * LOW HITPOINT WARNING * * *
Unknown command.
Unknown command.
Evoke which item? (* to show all) (? for menu, Esc to quit)
You draw a card...
It is the Rangers.
The bullfrog looks more healthy.
The bullfrog misses you. The bullfrog hits you.
You die...
Your body disappears without a glow.

##################
###..≈≈≈≈≈≈≈≈≈≈≈≈≈≈≈
##c...≈≈≈≈≈≈≈..†≈≈≈≈≈
#..c..≈≈≈≈≈≈#≈≈≈≈≈≈≈≈
#...@F≈≈≈≈≈≈≈≈≈≈≈≈≈≈≈
##....≈≈≈≈≈F≈≈≈≈≈≈≈≈F≈
#......≈≈≈≈≈≈≈≈≈≈≈≈≈≈≈
#....#################
##...#### #....#..#
#....'..# #...#####
##...##


You could see 2 bullfrogs and 2 friendly yaktaurs.

Vanquished Creatures
  A scorpion (D:4)
  A worker ant (D:3)
  3 gnolls (D:3)
  6 adders
  3 river rats (Sewer)
  2 oozes
  3 leopard geckos (D:4)
  12 ball pythons
  4 giant cockroaches
  2 goblins
  4 hobgoblins
  5 bats
  3 frilled lizards
  4 kobolds
  26 rats
79 creatures vanquished.

Vanquished Creatures (collateral kills)
  An orc wizard (D:3)
  An adder (Sewer)
  5 orcs (D:3)
  A ball python (Sewer)
  2 rats (Sewer)
10 creatures vanquished.

Grand Total: 89 creatures vanquished

Notes
Turn   | Place    | Note
-------+----------+-------------------------------------------
     0 | D:1      | letownia2 the Gargoyle Wizard began the quest for the Orb.
     0 | D:1      | Reached XP level 1. HP: 10/10 MP: 4/4
   150 | D:1      | Reached skill level 2 in Conjurations
   190 | D:2      | Reached XP level 2. HP: 5/15 MP: 3/6
   209 | D:2      | Found a sparkling altar of Nemelex Xobeh.
   214 | D:2      | Became a worshipper of Nemelex Xobeh the Trickster
   229 | D:2      | Received a gift from Nemelex Xobeh
   246 | D:2      | Found a shadowy altar of Dithmenos.
   331 | D:2      | Reached skill level 3 in Conjurations
   416 | D:2      | Reached XP level 3. HP: 5/19 MP: 0/7
   481 | D:2      | Learned a level 3 spell: Mephitic Cloud
   485 | D:2      | Learned a level 3 spell: Conjure Flame
   500 | D:3      | Noticed a wyvern
   519 | D:3      | Reached skill level 4 in Conjurations
   528 | D:3      | Reached XP level 4. HP: 12/24 MP: 3/8
   557 | D:3      | Learned a level 2 spell: Blink
   693 | D:3      | Reached * piety under Nemelex Xobeh
   724 | D:3      | Reached skill level 1 in Fire Magic
   724 | D:3      | Reached skill level 1 in Air Magic
   724 | D:3      | Reached skill level 1 in Poison Magic
   724 | D:3      | Reached XP level 5. HP: 10/28 MP: 1/9
   769 | D:4      | Found an ancient bone altar of Kikubaaqudgha.
   769 | D:4      | Found a deep blue altar of Sif Muna.
   771 | D:4      | Found a radiant altar of Vehumet.
   782 | D:4      | Identified Sif Muna's Tome of the Traveller
   904 | D:4      | Found a glowing drain.
   908 | Sewer    | Entered a sewer
  1091 | Sewer    | Reached XP level 6. HP: 31/32 MP: 10/10
  1214 | Sewer    | Slain by a bullfrog

Skill      XL: |  1  2  3  4  5 |
---------------+----------------+-----
Conjurations   | 2 3 4 |  4.1
Fire Magic     | 1 2 |  2.2
Air Magic      | 1 |  1.9
Poison Magic   | 1 2 |  2.2
Dodging        | |  1.5
Stealth        | |  2.1
Spellcasting   | |  3.3
Summonings     | |  0.8
Translocations | |  0.8

Action                   |  1- 3 |  4- 6 || total
-------------------------+-------+-------++-------
Melee: Short sword       |     7 |       ||     7
       Dagger            |     8 |   137 ||   145
 Cast: Magic Dart        |    38 |    14 ||    52
       Mephitic Cloud    |       |    11 ||    11
Evoke: Deck              |     1 |     2 ||     3
  Use: Scroll            |       |     1 ||     1
       Potion            |       |     1 ||     1
 Stab: Sleeping          |     1 |       ||     1
       Confused          |       |     2 ||     2
  Eat: Chunk             |       |     2 ||     2
Armor: Robe              |     7 |       ||     7
       Leather armour    |     3 |    85 ||    88
Dodge: Dodged            |    26 |   121 ||   147
